Griffins vs Saguenéens (R1)

Created - April 30, 2018 at 19:11

Goals
1 2 3 T
Griffins 1 0 1 2
Saguenéens 1 2 0 3
Shots
1 2 3 T
Griffins 8 9 6 23
Saguenéens 13 3 8 24

1st period

1. Saguenéens , Carson Mcmillan 47 (Mason Raymond 74) at 15:18 (PP)
2. Griffins , Jamie Arniel 51 (Petr Pohl 77, Tye McGinn 50) at 15:32

Penalties :
Jason Missiaen (Cap) for Delaying the game (Minor) at 3:26 - Devin Shore served the penalty, Oscar Klefbom (Cap) for Roughing (Minor) at 15:16, Henrik Samuelsson (Chi) for Hooking (Minor) at 16:33

2nd period

3. Saguenéens , Mason Raymond 45 (Carson Mcmillan 44, Brett Lebda 35) at 5:46 (PP)
4. Saguenéens , Carson Mcmillan 48 (Mason Raymond 75, Zac Rinaldo 74) at 5:58

Penalties :
Simon Despres (Cap) for Hooking (Minor) at 5:32, Juraj Mikus (Chi) for Roughing (Minor) at 7:00, Robert Dome (Cap) for Tripping (Minor) at 7:16, Justin Braun (Cap) for Boarding (Minor) at 17:23, Luke Witkowski (Chi) for High sticking (Minor) at 19:07

3rd period

5. Griffins , Jamie Arniel 52 (Gord Baldwin 19, Tye McGinn 51) at 4:44

Penalties :
Lukas Krajicek (Cap) for High sticking (Minor) at 8:11, Lukas Krajicek (Cap) for Roughing (Minor) at 10:20, Jake McCabe (Chi) for Hooking (Minor) at 18:41

Goalie Stats

Jason Missiaen (Cap), 21 saves from 24 shots - (0.875), L, 33-20-5, 60:00 minutes
Martin Jones (Chi), 21 saves from 23 shots - (0.913), W, 10-11-0, 60:00 minutes

Players Stats for Griffins

Player Name              G  A  P  +/- PIM S  H  SB GA TA FO     MP     PP MP  PK MP  
------------------------------------------------------------------------------------
Ben Hanowski             0  0  0   0  0   0  1  0  0  0  0/0    14:58   2:53   0:00 
Devin Shore              0  0  0   0  0   2  2  0  0  0  4/10   16:59   2:46   1:41 
Gord Baldwin             0  1  1   2  0   0  0  0  0  0  0/0    20:02   0:23   4:41 
Greg Mauldin             0  0  0   0  0   2  3  0  0  0  2/4    10:45   0:00   0:00 
J.T. Brown               0  0  0   0  0   2  1  0  0  0  0/0    10:25   0:01   0:00 
Jamie Arniel             2  0  2   1  0   4  1  0  0  2  15/27  21:38   2:23   4:10 
Jan Mursak               0  0  0   0  0   1  0  1  0  0  0/2    10:25   0:00   2:15 
Justin Braun             0  0  0   0  2   1  0  0  1  1  0/0    16:15   0:05   2:58 
Lukas Krajicek           0  0  0  -1  4   0  2  0  1  0  0/0    23:34   3:15   2:11 
Mike Duco                0  0  0   0  0   1  2  1  1  0  0/0    10:25   0:00   2:15 
Oscar Klefbom            0  0  0  -1  2   2  2  0  1  1  0/0    24:43   3:38   2:43 
Petr Pohl                0  1  1   1  0   5  2  0  0  0  2/2    21:51   2:23   4:11 
Petter Granberg          0  0  0   2  0   0  1  2  1  1  0/0    17:01   1:39   0:20 
Pontus Aberg             0  0  0   0  0   0  0  0  0  0  1/2    11:11   0:29   0:13 
Quinton Howden           0  0  0   0  0   0  3  0  0  0  0/0     7:02   0:08   0:07 
Robert Dome              0  0  0   0  2   2  1  0  1  1  0/0    15:10   2:30   0:00 
Simon Despres            0  0  0   0  2   0  2  2  0  0  0/0    18:35   1:39   3:33 
Tye McGinn               0  2  2   1  0   1  2  2  0  0  0/0    18:44   2:12   1:34 

Players Stats for Saguenéens

Player Name              G  A  P  +/- PIM S  H  SB GA TA FO     MP     PP MP  PK MP  
------------------------------------------------------------------------------------
Brett Lebda              0  1  1   0  0   2  1  0  0  0  0/0    26:56   4:29   3:40 
Calle Andersson          0  0  0  -1  0   0  0  1  0  0  0/0    13:45   0:00   1:33 
Carl Hagelin             0  0  0  -1  0   2  0  1  0  0  1/1    14:11   3:13   0:00 
Carson Mcmillan          2  1  3   0  0   3  1  0  1  0  3/6    22:21   4:21   3:12 
Craig Cunningham         0  0  0   0  0   0  0  0  0  0  0/0    11:35   0:23   0:26 
Henrik Samuelsson        0  0  0   0  2   1  1  0  0  0  3/5    10:26   0:00   0:00 
Jake McCabe              0  0  0   0  2   0  2  2  0  3  0/0    20:07   3:44   1:14 
Jerry D'Amigo            0  0  0   0  0   0  1  1  0  0  0/0     8:28   0:20   0:00 
Juraj Mikus              0  0  0  -1  2   1  2  0  0  0  4/9    15:39   3:29   0:00 
Luke Witkowski           0  0  0   0  2   0  1  1  0  1  0/0    22:07   4:28   2:17 
Mason Raymond            1  2  3   0  0   2  0  2  1  1  1/4    22:23   4:21   3:12 
Mikhail Grigorenko       0  0  0   0  0   2  1  0  0  0  1/1     8:22   0:00   0:00 
Nicholas Walters         0  0  0   0  0   0  0  0  0  0  0/0     4:13   0:00   0:00 
Nick Mattson             0  0  0   0  0   1  1  0  0  1  0/0    20:31   3:44   1:37 
Nikita Kucherov          0  0  0  -1  0   5  1  3  1  0  1/1    17:47   3:29   1:30 
Patrick Sieloff          0  0  0  -1  0   1  0  1  0  0  0/0    12:37   0:00   0:13 
Rhett Rakhshani          0  0  0   0  0   3  2  0  0  0  0/0    11:12   0:28   0:00 
Teemu Pulkkinen          0  0  0   0  0   0  1  1  1  0  0/0     8:57   0:00   0:44 
Zac Rinaldo              0  1  1   0  0   1  3  0  2  0  9/20   21:04   4:35   1:30 

3 Stars

1 - Carson Mcmillan (Chi)
2 - Jamie Arniel (Cap)
3 - Mason Raymond (Chi)

Power Play

Griffins - 0 on 4 Attempt(s) - 0.00%
Saguenéens - 2 on 7 Attempt(s) - 28.57%

Penalty Kill

Griffins - 5 on 7 Attempt(s) - 71.43% - Score 0 goal in Penalty Kill
Saguenéens - 4 on 4 Attempt(s) - 100.00% - Score 0 goal in Penalty Kill

Team Stat

Griffins - Hits : 25 - Faceoff Wins : 24 - Blocked Shots : 8 - Penalty Minutes : 14
Saguenéens - Hits : 18 - Faceoff Wins : 23 - Blocked Shots : 13 - Penalty Minutes : 8

Official

Referees : Fraser Kerry and Leggo Mike
Linesman : Brad Lazarowich and Pierre Racicot

Game Notes

No Game Note

Finance

Level 1 -- Attendance: 1494 (74.70%) -- Ticket Income $59,760
Level 2 -- Attendance: 745 (74.50%) -- Ticket Income $14,900
Total Attendance: 2239 (74.63%)
Total Ticket Income: $74,660
Other Income: $3,733
Total Income: $78,393

Griffins

5 vs 5 Forward 
   Center                   Left Wing                Right Wing               Time % Phy DF OF 
 1 Jamie Arniel             Tye McGinn               Petr Pohl                40     0   2  3  
 2 Devin Shore              Robert Dome              Ben Hanowski             30     0   2  3  
 3 Greg Mauldin             Pontus Aberg             J.T. Brown               20     0   2  3  
 4 Quinton Howden           Jan Mursak               Mike Duco                10     0   2  3  

5 vs 5 Defense 
   Defense                  Defense                                           Time % Phy DF OF 
 1 Lukas Krajicek           Oscar Klefbom                                     40     1   2  2  
 2 Simon Despres            Justin Braun                                      30     1   2  2  
 3 Gord Baldwin             Petter Granberg                                   20     1   2  2  
 4 Gord Baldwin             Petter Granberg                                   10     1   2  2  

PowerPlay Forward 
   Center                   Left Wing                Right Wing               Time % Phy DF OF 
 1 Jamie Arniel             Robert Dome              Petr Pohl                60     0   1  4  
 2 Devin Shore              Tye McGinn               Ben Hanowski             40     0   1  4  

PowerPlay Defense
   Defense                  Defense                                           Time % Phy DF OF 
 1 Oscar Klefbom            Lukas Krajicek                                    60     0   1  4  
 2 Petter Granberg          Simon Despres                                     40     0   1  4  

Penalty Kill 4 Players Forward 
   Center                   Wing                     Time % Phy DF OF 
 1 Jamie Arniel             Petr Pohl                60     1   2  2  
 2 Jan Mursak               Mike Duco                40     1   2  2  

Penalty Kill 4 Players Defense
   Defense                  Defense                  Time % Phy DF OF 
 1 Gord Baldwin             Lukas Krajicek           60     1   2  2  
 2 Justin Braun             Simon Despres            40     1   2  2  

Penalty Kill - 3 Players Forward 
   Forward                                           Time % Phy DF OF 
 1 Jan Mursak                                        60     1   2  2  
 2 Mike Duco                                         40     1   2  2  

Penalty Kill - 3 Players Defense
   Defense                  Defense                  Time % Phy DF OF 
 1 Gord Baldwin             Lukas Krajicek           60     1   2  2  
 2 Justin Braun             Simon Despres            40     1   2  2  

4 vs 4 Forward 
   Center                   Wing                     Time % Phy DF OF 
 1 Jamie Arniel             Petr Pohl                60     1   2  2  
 2 Greg Mauldin             Tye McGinn               40     1   2  2  

4 vs 4 Defense
   Defense                  Defense                  Time % Phy DF OF 
 1 Oscar Klefbom            Gord Baldwin             60     1   2  2  
 2 Lukas Krajicek           Justin Braun             40     1   2  2  

Last Minutes Offensive
   Center                   Left Wing                Right Wing               Defense                  Defense                  
   Jamie Arniel             Tye McGinn               Petr Pohl                Lukas Krajicek           Oscar Klefbom            

Last Minutes Defensive
   Center                   Left Wing                Right Wing               Defense                  Defense                  
   Jamie Arniel             Jan Mursak               Mike Duco                Gord Baldwin             Lukas Krajicek           

Goaltenders
Starting : Jason Missiaen           
Backup : Malcolm Subban           

Extra Forwards
Normal : Petr Pohl, Tye McGinn, Robert Dome - PP : Pontus Aberg, Ben Hanowski - PK : Petr Pohl
Extra Defensemen
Normal : Oscar Klefbom, Simon Despres, Petter Granberg - PP : Justin Braun - PK : Justin Braun, Simon Despres
Penalty Shots
Jamie Arniel, Jan Mursak, Ben Hanowski, Devin Shore, Robert Dome

Scratches
Vladislav Namestnikov (Healthy), Garrett Wilson (Healthy), Tanner Kero (Healthy), Greg McKegg (Healthy), Lucas Lessio (Healthy)
Kyle Lawson (Healthy), Brett Bulmer (Healthy), Stuart Percy (Healthy), Nathan Oystrick (Herniated Disc Injury), Rich Clune (Healthy)
Jerome Gauthier-Leduc (Healthy), Konrad Abeltshauser (Healthy), Tomas Hyka (Healthy), Brian Hart (Healthy), Casey Wellman (Healthy)
Thomas Greiss (Healthy)

Saguenéens

5 vs 5 Forward 
   Center                   Left Wing                Right Wing               Time % Phy DF OF 
 1 Zac Rinaldo              Mason Raymond            Carson Mcmillan          40     1   2  2  
 2 Juraj Mikus              Carl Hagelin             Nikita Kucherov          30     1   2  2  
 3 Henrik Samuelsson        Craig Cunningham         Rhett Rakhshani          20     1   2  2  
 4 Mikhail Grigorenko       Teemu Pulkkinen          Jerry D'Amigo            10     1   2  2  

5 vs 5 Defense 
   Defense                  Defense                                           Time % Phy DF OF 
 1 Brett Lebda              Luke Witkowski                                    40     1   2  2  
 2 Jake McCabe              Nick Mattson                                      30     1   2  2  
 3 Patrick Sieloff          Calle Andersson                                   20     1   2  2  
 4 Nicholas Walters         Brett Lebda                                       10     1   2  2  

PowerPlay Forward 
   Center                   Left Wing                Right Wing               Time % Phy DF OF 
 1 Zac Rinaldo              Mason Raymond            Carson Mcmillan          60     1   2  2  
 2 Juraj Mikus              Carl Hagelin             Nikita Kucherov          40     1   2  2  

PowerPlay Defense
   Defense                  Defense                                           Time % Phy DF OF 
 1 Brett Lebda              Luke Witkowski                                    60     1   2  2  
 2 Jake McCabe              Nick Mattson                                      40     1   2  2  

Penalty Kill 4 Players Forward 
   Center                   Wing                     Time % Phy DF OF 
 1 Carson Mcmillan          Mason Raymond            60     1   2  2  
 2 Nikita Kucherov          Zac Rinaldo              40     1   2  2  

Penalty Kill 4 Players Defense
   Defense                  Defense                  Time % Phy DF OF 
 1 Brett Lebda              Luke Witkowski           60     1   2  2  
 2 Jake McCabe              Nick Mattson             40     1   2  2  

Penalty Kill - 3 Players Forward 
   Forward                                           Time % Phy DF OF 
 1 Carson Mcmillan                                   60     1   2  2  
 2 Mason Raymond                                     40     1   2  2  

Penalty Kill - 3 Players Defense
   Defense                  Defense                  Time % Phy DF OF 
 1 Brett Lebda              Luke Witkowski           60     1   2  2  
 2 Jake McCabe              Nick Mattson             40     1   2  2  

4 vs 4 Forward 
   Center                   Wing                     Time % Phy DF OF 
 1 Carson Mcmillan          Mason Raymond            60     1   2  2  
 2 Nikita Kucherov          Zac Rinaldo              40     1   2  2  

4 vs 4 Defense
   Defense                  Defense                  Time % Phy DF OF 
 1 Brett Lebda              Luke Witkowski           60     1   2  2  
 2 Jake McCabe              Nick Mattson             40     1   2  2  

Last Minutes Offensive
   Center                   Left Wing                Right Wing               Defense                  Defense                  
   Zac Rinaldo              Mason Raymond            Carson Mcmillan          Brett Lebda              Luke Witkowski           

Last Minutes Defensive
   Center                   Left Wing                Right Wing               Defense                  Defense                  
   Zac Rinaldo              Mason Raymond            Carson Mcmillan          Brett Lebda              Luke Witkowski           

Goaltenders
Starting : Martin Jones             
Backup : Mike Smith               

Extra Forwards
Normal : Rhett Rakhshani, Craig Cunningham, Teemu Pulkkinen - PP : Rhett Rakhshani, Craig Cunningham - PK : Teemu Pulkkinen
Extra Defensemen
Normal : Patrick Sieloff, Calle Andersson, Nicholas Walters - PP : Patrick Sieloff - PK : Calle Andersson, Nicholas Walters
Penalty Shots
Carson Mcmillan, Mason Raymond, Nikita Kucherov, Zac Rinaldo, Carl Hagelin

Scratches
Tanner Richard (Healthy), Brody Sutter (Healthy), Artur Gavrus (Healthy), Garret Sparks (Healthy)

% Time on Ice - Griffins

Lines # - Real PCT - Wanted PCT - Time Play
Normal Forward
1 - 31% - 40% - 13:53
2 - 30% - 30% - 13:28
3 - 23% - 20% - 10:24
4 - 15% - 10% - 6:47
Normal Defense
1 - 42% - 40% - 18:48
2 - 29% - 30% - 12:47
3 - 21% - 20% - 9:34
4 - 8% - 10% - 3:23
PP Forward
1 - 49% - 60% - 2:36
2 - 51% - 40% - 2:41
PP Defense
1 - 69% - 60% - 3:38
2 - 31% - 40% - 1:39
PK Forward
1 - 73% - 60% - 5:58
2 - 27% - 40% - 2:15
PK Defense
1 - 70% - 60% - 5:43
2 - 30% - 40% - 2:30
PK3 Forward
1 - 0% - 60%
2 - 0% - 40%
PK3 Defense
1 - 0% - 60%
2 - 0% - 40%
44 Forward
1 - 82% - 60% - 1:37
2 - 18% - 40% - 0:21
44 Defense
1 - 70% - 60% - 1:23
2 - 30% - 40% - 0:35
Last Minute Offensive  - 0:00
Last Minute Defensive  - 0:00
Total
Forward - 60:00
Defense - 60:00

% Time on Ice - Saguenéens

Lines # - Real PCT - Wanted PCT - Time Play
Normal Forward
1 - 31% - 40% - 13:39
2 - 28% - 30% - 12:33
3 - 23% - 20% - 10:20
4 - 18% - 10% - 8:00
Normal Defense
1 - 32% - 40% - 14:06
2 - 32% - 30% - 14:25
3 - 26% - 20% - 11:48
4 - 9% - 10% - 4:13
PP Forward
1 - 58% - 60% - 4:44
2 - 42% - 40% - 3:29
PP Defense
1 - 55% - 60% - 4:29
2 - 45% - 40% - 3:44
PK Forward
1 - 72% - 60% - 3:47
2 - 28% - 40% - 1:30
PK Defense
1 - 69% - 60% - 3:40
2 - 31% - 40% - 1:37
PK3 Forward
1 - 0% - 60%
2 - 0% - 40%
PK3 Defense
1 - 0% - 60%
2 - 0% - 40%
44 Forward
1 - 81% - 60% - 1:35
2 - 19% - 40% - 0:23
44 Defense
1 - 62% - 60% - 1:13
2 - 38% - 40% - 0:45
Last Minute Offensive  - 0:00
Last Minute Defensive  - 0:00
Total
Forward - 60:00
Defense - 60:00

Play by Play

1st period


0:01 of 1st period - Jamie Arniel wins face-off versus Zac Rinaldo in neutral zone.
0:36 of 1st period - Wrist shot by Juraj Mikus.
0:36 of 1st period - Shot Misses the Net.
0:59 of 1st period - Craig Cunningham is hit by Simon Despres and loses puck.
1:12 of 1st period - Petter Granberg is hit by Mikhail Grigorenko and loses puck.
1:34 of 1st period - Slapshot by Mason Raymond.
1:34 of 1st period - Stopped by Jason Missiaen without a rebound.
1:35 of 1st period - Zac Rinaldo wins face-off versus Devin Shore in Griffins zone.
1:48 of 1st period - Snap shot by Ben Hanowski.
1:48 of 1st period - Shot Misses the Net.
2:19 of 1st period - Greg Mauldin is hit by Juraj Mikus and loses puck.
2:36 of 1st period - Mike Duco is hit by Jake McCabe and loses puck.
2:47 of 1st period - Rhett Rakhshani is hit by Quinton Howden and loses puck.
3:08 of 1st period - Snap shot by Tye McGinn.
3:08 of 1st period - Shot Misses the Net.
3:14 of 1st period - Snap shot by Rhett Rakhshani.
3:14 of 1st period - Stopped by Jason Missiaen without a rebound.
3:15 of 1st period - Devin Shore wins face-off versus Juraj Mikus in Griffins zone.
3:19 of 1st period - Off-side.
3:20 of 1st period - Juraj Mikus wins face-off versus Devin Shore in neutral zone.
3:24 of 1st period - Icing by Lukas Krajicek.
3:25 of 1st period - Juraj Mikus wins face-off versus Devin Shore in Griffins zone.
3:26 of 1st period - Wrist shot by Nikita Kucherov.
3:26 of 1st period - Deflect By Carl Hagelin.
3:26 of 1st period - Stopped by Jason Missiaen without a rebound.
3:26 of 1st period - Minor Penalty to Jason Missiaen for Delaying the game.
3:27 of 1st period - Jamie Arniel wins face-off versus Mason Raymond in Griffins zone.
3:36 of 1st period - Slapshot by Carson Mcmillan.
3:36 of 1st period - Shot Misses the Net.
4:00 of 1st period - Snap shot by Nikita Kucherov.
4:00 of 1st period - Deflect By Juraj Mikus.
4:00 of 1st period - Shot Misses the Net.
4:00 of 1st period - Puck is out of play.
4:01 of 1st period - Zac Rinaldo wins face-off versus Jan Mursak in Griffins zone.
4:12 of 1st period - Backhand shot by Mason Raymond.
4:12 of 1st period - Shot Misses the Net.
4:14 of 1st period - Slapshot by Nick Mattson.
4:14 of 1st period - Stopped by Jason Missiaen with a rebound.
5:26 of 1st period - Penalty to Devin Shore is over, Devin Shore is back on ice.
5:35 of 1st period - Jake McCabe is hit by Ben Hanowski and loses puck.
5:42 of 1st period - Wrist shot by Robert Dome.
5:42 of 1st period - Stopped by Martin Jones with a rebound.
6:04 of 1st period - Snap shot by Rhett Rakhshani.
6:04 of 1st period - Shot Blocked by Petter Granberg.
6:14 of 1st period - Patrick Sieloff is hit by Quinton Howden and loses puck.
6:23 of 1st period - Zac Rinaldo is hit by Quinton Howden and loses puck.
6:41 of 1st period - Wrist shot by Devin Shore.
6:41 of 1st period - Stopped by Martin Jones with a rebound.
6:55 of 1st period - Snap shot by Mikhail Grigorenko.
6:55 of 1st period - Stopped by Jason Missiaen without a rebound.
6:56 of 1st period - Mikhail Grigorenko wins face-off versus Pontus Aberg in Griffins zone.
7:09 of 1st period - Snap shot by Teemu Pulkkinen.
7:09 of 1st period - Shot Misses the Net.
7:48 of 1st period - Slapshot by Robert Dome.
7:48 of 1st period - Stopped by Martin Jones with a rebound.
8:44 of 1st period - Slapshot by J.T. Brown.
8:44 of 1st period - Stopped by Martin Jones without a rebound.
8:45 of 1st period - Juraj Mikus wins face-off versus Devin Shore in Saguenéens zone.
9:16 of 1st period - Slapshot by Carl Hagelin.
9:16 of 1st period - Shot Misses the Net.
9:18 of 1st period - Snap shot by Juraj Mikus.
9:18 of 1st period - Stopped by Jason Missiaen without a rebound.
9:19 of 1st period - Devin Shore wins face-off versus Zac Rinaldo in Griffins zone.
9:19 of 1st period - Devin Shore is hit by Jake McCabe.
9:45 of 1st period - Petr Pohl is hit by Rhett Rakhshani and loses puck.
11:33 of 1st period - Zac Rinaldo is hit by Greg Mauldin and loses puck.
11:38 of 1st period - Wrist shot by Greg Mauldin.
11:38 of 1st period - Shot Blocked by Mason Raymond.
11:40 of 1st period - Snap shot by Oscar Klefbom.
11:40 of 1st period - Stopped by Martin Jones with a rebound.
12:31 of 1st period - Icing by Lukas Krajicek.
12:32 of 1st period - Juraj Mikus wins face-off versus Greg Mauldin in Griffins zone.
12:35 of 1st period - Snap shot by Nikita Kucherov.
12:35 of 1st period - Stopped by Jason Missiaen with a rebound.
12:37 of 1st period - Wrist shot by Nikita Kucherov.
12:37 of 1st period - Stopped by Jason Missiaen with a rebound.
12:39 of 1st period - Wrist shot by Carl Hagelin.
12:39 of 1st period - Stopped by Jason Missiaen with a rebound.
12:41 of 1st period - Slapshot by Brett Lebda.
12:41 of 1st period - Stopped by Jason Missiaen without a rebound.
12:42 of 1st period - Jamie Arniel wins face-off versus Juraj Mikus in Griffins zone.
14:03 of 1st period - Slapshot by Devin Shore.
14:03 of 1st period - Stopped by Martin Jones with a rebound.
14:05 of 1st period - Slapshot by Simon Despres.
14:05 of 1st period - Shot Blocked by Teemu Pulkkinen.
14:07 of 1st period - Snap shot by Devin Shore.
14:07 of 1st period - Shot Blocked by Jerry D'Amigo.
14:09 of 1st period - Slapshot by Justin Braun.
14:09 of 1st period - Stopped by Martin Jones with a rebound.
14:11 of 1st period - Backhand shot by Ben Hanowski.
14:11 of 1st period - Shot Misses the Net.
14:21 of 1st period - Snap shot by Ben Hanowski.
14:21 of 1st period - Shot Misses the Net.
14:47 of 1st period - Snap shot by Mikhail Grigorenko.
14:47 of 1st period - Deflect By Teemu Pulkkinen.
14:47 of 1st period - Shot Misses the Net.
14:47 of 1st period - Puck is out of play.
14:48 of 1st period - Zac Rinaldo wins face-off versus Jamie Arniel in Griffins zone.
14:49 of 1st period - Wrist shot by Mason Raymond.
14:49 of 1st period - Shot Misses the Net.
15:16 of 1st period - Minor Penalty to Oscar Klefbom for Roughing.
15:17 of 1st period - Mason Raymond wins face-off versus Jamie Arniel in Griffins zone.
15:18 of 1st period - Slapshot by Carson Mcmillan.
15:18 of 1st period - Goal by Carson Mcmillan - Griffins : 0 - Saguenéens : 1.
15:19 of 1st period - Zac Rinaldo wins face-off versus Jamie Arniel in neutral zone.
15:22 of 1st period - Wrist shot by Mason Raymond.
15:22 of 1st period - Shot Blocked by Petter Granberg.
15:30 of 1st period - Snap shot by Petr Pohl.
15:30 of 1st period - Shot Misses the Net.
15:32 of 1st period - Wrist shot by Jamie Arniel.
15:32 of 1st period - Goal by Jamie Arniel - Griffins : 1 - Saguenéens : 1.
15:33 of 1st period - Zac Rinaldo wins face-off versus Jamie Arniel in neutral zone.
15:38 of 1st period - Snap shot by Carson Mcmillan.
15:38 of 1st period - Stopped by Jason Missiaen with a rebound.
15:58 of 1st period - Lukas Krajicek is hit by Nikita Kucherov and loses puck.
16:21 of 1st period - Snap shot by Carl Hagelin.
16:21 of 1st period - Shot Misses the Net.
16:33 of 1st period - Minor Penalty to Henrik Samuelsson for Hooking.
16:34 of 1st period - Jamie Arniel wins face-off versus Carson Mcmillan in Saguenéens zone.
16:39 of 1st period - Snap shot by Jamie Arniel.
16:39 of 1st period - Shot Misses the Net.
18:04 of 1st period - Icing by Ben Hanowski.
18:05 of 1st period - Nikita Kucherov wins face-off versus Devin Shore in Griffins zone.
18:33 of 1st period - Penalty to Henrik Samuelsson is over, Henrik Samuelsson is back on ice.
19:05 of 1st period - Patrick Sieloff is hit by Mike Duco and loses puck.
19:45 of 1st period - Slapshot by Nikita Kucherov.
19:45 of 1st period - Stopped by Jason Missiaen without a rebound.
19:46 of 1st period - Jamie Arniel wins face-off versus Juraj Mikus in Griffins zone.
19:46 of 1st period - Jamie Arniel is hit by Luke Witkowski.
Goals for this period are 1 for Griffins vs 1 for Saguenéens.
Shots for this period are 8 for Griffins vs 13 for Saguenéens.

2nd period


0:01 of 2nd period - Jamie Arniel wins face-off versus Zac Rinaldo in neutral zone.
0:36 of 2nd period - Luke Witkowski is hit by Oscar Klefbom and loses puck.
0:47 of 2nd period - Wrist shot by J.T. Brown.
0:47 of 2nd period - Stopped by Martin Jones without a rebound.
0:48 of 2nd period - Henrik Samuelsson wins face-off versus Greg Mauldin in Saguenéens zone.
0:53 of 2nd period - Snap shot by Craig Cunningham.
0:53 of 2nd period - Shot Misses the Net.
1:19 of 2nd period - Wrist shot by Jamie Arniel.
1:19 of 2nd period - Stopped by Martin Jones without a rebound.
1:20 of 2nd period - Jamie Arniel wins face-off versus Mason Raymond in Saguenéens zone.
1:31 of 2nd period - Snap shot by Petr Pohl.
1:31 of 2nd period - Stopped by Martin Jones without a rebound.
1:32 of 2nd period - Jamie Arniel wins face-off versus Zac Rinaldo in Saguenéens zone.
2:24 of 2nd period - Snap shot by Rhett Rakhshani.
2:24 of 2nd period - Shot Misses the Net.
2:48 of 2nd period - Snap shot by Mikhail Grigorenko.
2:48 of 2nd period - Stopped by Jason Missiaen without a rebound.
2:49 of 2nd period - Petr Pohl wins face-off versus Zac Rinaldo in Griffins zone.
3:18 of 2nd period - Wrist shot by Nikita Kucherov.
3:18 of 2nd period - Shot Misses the Net.
4:33 of 2nd period - Tye McGinn is hit by Rhett Rakhshani.
5:07 of 2nd period - Slapshot by Oscar Klefbom.
5:07 of 2nd period - Shot Blocked by Carl Hagelin.
5:32 of 2nd period - Minor Penalty to Simon Despres for Hooking.
5:33 of 2nd period - Jamie Arniel wins face-off versus Zac Rinaldo in Griffins zone.
5:46 of 2nd period - Slapshot by Mason Raymond.
5:46 of 2nd period - Goal by Mason Raymond - Griffins : 1 - Saguenéens : 2.
5:47 of 2nd period - Zac Rinaldo wins face-off versus Jamie Arniel in neutral zone.
5:56 of 2nd period - Wrist shot by Carson Mcmillan.
5:56 of 2nd period - Shot Blocked by Tye McGinn.
5:58 of 2nd period - Snap shot by Carson Mcmillan.
5:58 of 2nd period - Goal by Carson Mcmillan - Griffins : 1 - Saguenéens : 3.
5:59 of 2nd period - Jamie Arniel wins face-off versus Mason Raymond in neutral zone.
6:04 of 2nd period - Slapshot by Jamie Arniel.
6:04 of 2nd period - Shot Blocked by Luke Witkowski.
6:06 of 2nd period - Slapshot by Petr Pohl.
6:06 of 2nd period - Stopped by Martin Jones without a rebound.
6:07 of 2nd period - Zac Rinaldo wins face-off versus Jamie Arniel in Saguenéens zone.
6:07 of 2nd period - Zac Rinaldo is hit by Tye McGinn.
6:26 of 2nd period - Zac Rinaldo is hit by Lukas Krajicek and loses puck.
6:39 of 2nd period - Snap shot by Petr Pohl.
6:39 of 2nd period - Shot Misses the Net.
6:41 of 2nd period - Slapshot by Jamie Arniel.
6:41 of 2nd period - Stopped by Martin Jones with a rebound.
6:43 of 2nd period - Slapshot by Oscar Klefbom.
6:43 of 2nd period - Stopped by Martin Jones with a rebound.
6:45 of 2nd period - Snap shot by Petr Pohl.
6:45 of 2nd period - Stopped by Martin Jones without a rebound.
6:46 of 2nd period - Devin Shore wins face-off versus Juraj Mikus in Saguenéens zone.
7:00 of 2nd period - Minor Penalty to Juraj Mikus for Roughing.
7:01 of 2nd period - Carson Mcmillan wins face-off versus Jamie Arniel in Saguenéens zone.
7:16 of 2nd period - Minor Penalty to Robert Dome for Tripping.
7:17 of 2nd period - Carson Mcmillan wins face-off versus Jamie Arniel in Griffins zone.
9:00 of 2nd period - Penalty to Juraj Mikus is over, Juraj Mikus is back on ice.
9:16 of 2nd period - Penalty to Robert Dome is over, Robert Dome is back on ice.
9:41 of 2nd period - Snap shot by Jan Mursak.
9:41 of 2nd period - Stopped by Martin Jones with a rebound.
9:43 of 2nd period - Slapshot by Simon Despres.
9:43 of 2nd period - Shot Blocked by Nikita Kucherov.
9:45 of 2nd period - Wrist shot by Mike Duco.
9:45 of 2nd period - Shot Misses the Net.
9:47 of 2nd period - Snap shot by Robert Dome.
9:47 of 2nd period - Shot Blocked by Nikita Kucherov.
10:01 of 2nd period - Slapshot by Brett Lebda.
10:01 of 2nd period - Shot Blocked by Simon Despres.
10:28 of 2nd period - Wrist shot by Mike Duco.
10:28 of 2nd period - Stopped by Martin Jones without a rebound.
10:29 of 2nd period - Henrik Samuelsson wins face-off versus Jamie Arniel in Saguenéens zone.
11:23 of 2nd period - Gord Baldwin is hit by Nick Mattson and loses puck.
12:01 of 2nd period - Henrik Samuelsson is hit by Petr Pohl.
13:41 of 2nd period - Jake McCabe is hit by Greg Mauldin and loses puck.
14:20 of 2nd period - Craig Cunningham is hit by Devin Shore.
15:12 of 2nd period - Mikhail Grigorenko is hit by Devin Shore and loses puck.
15:23 of 2nd period - Henrik Samuelsson is hit by J.T. Brown and loses puck.
16:05 of 2nd period - Ben Hanowski is hit by Jerry D'Amigo and loses puck.
16:56 of 2nd period - Jamie Arniel is hit by Zac Rinaldo and loses puck.
17:10 of 2nd period - Off-side.
17:11 of 2nd period - Carl Hagelin wins face-off versus Devin Shore in neutral zone.
17:23 of 2nd period - Minor Penalty to Justin Braun for Boarding.
17:24 of 2nd period - Jamie Arniel wins face-off versus Zac Rinaldo in Griffins zone.
17:41 of 2nd period - Jamie Arniel is hit by Carson Mcmillan and loses puck.
19:07 of 2nd period - Minor Penalty to Luke Witkowski for High sticking.
19:08 of 2nd period - Petr Pohl wins face-off versus Carson Mcmillan in Saguenéens zone.
19:23 of 2nd period - Penalty to Justin Braun is over, Justin Braun is back on ice.
19:51 of 2nd period - Backhand shot by Petter Granberg.
19:51 of 2nd period - Shot Blocked by Nikita Kucherov.
Goals for this period are 0 for Griffins vs 2 for Saguenéens.
Shots for this period are 9 for Griffins vs 3 for Saguenéens.

3rd period


0:01 of 3rd period - Carson Mcmillan wins face-off versus Jamie Arniel in neutral zone.
0:04 of 3rd period - Slapshot by Brett Lebda.
0:04 of 3rd period - Shot Misses the Net.
0:52 of 3rd period - Snap shot by Zac Rinaldo.
0:52 of 3rd period - Shot Blocked by Tye McGinn.
0:54 of 3rd period - Wrist shot by Nikita Kucherov.
0:54 of 3rd period - Stopped by Jason Missiaen with a rebound.
1:00 of 3rd period - Snap shot by Zac Rinaldo.
1:00 of 3rd period - Shot Misses the Net.
1:07 of 3rd period - Penalty to Luke Witkowski is over, Luke Witkowski is back on ice.
1:24 of 3rd period - Wrist shot by Zac Rinaldo.
1:24 of 3rd period - Stopped by Jason Missiaen without a rebound.
1:25 of 3rd period - Greg Mauldin wins face-off versus Henrik Samuelsson in Griffins zone.
1:38 of 3rd period - Snap shot by Henrik Samuelsson.
1:38 of 3rd period - Stopped by Jason Missiaen with a rebound.
1:40 of 3rd period - Snap shot by Craig Cunningham.
1:40 of 3rd period - Deflect By Rhett Rakhshani.
1:40 of 3rd period - Stopped by Jason Missiaen without a rebound.
1:41 of 3rd period - Zac Rinaldo wins face-off versus Jan Mursak in Griffins zone.
1:46 of 3rd period - Snap shot by Mason Raymond.
1:46 of 3rd period - Shot Misses the Net.
1:48 of 3rd period - Snap shot by Mason Raymond.
1:48 of 3rd period - Shot Blocked by Jan Mursak.
1:50 of 3rd period - Snap shot by Zac Rinaldo.
1:50 of 3rd period - Shot Misses the Net.
1:52 of 3rd period - Slapshot by Calle Andersson.
1:52 of 3rd period - Shot Misses the Net.
1:54 of 3rd period - Backhand shot by Zac Rinaldo.
1:54 of 3rd period - Shot Blocked by Mike Duco.
2:06 of 3rd period - Calle Andersson is hit by Simon Despres and loses puck.
3:42 of 3rd period - Henrik Samuelsson is hit by Petr Pohl.
4:17 of 3rd period - Mikhail Grigorenko is hit by Robert Dome and loses puck.
4:38 of 3rd period - Slapshot by Petr Pohl.
4:38 of 3rd period - Shot Blocked by Patrick Sieloff.
4:40 of 3rd period - Snap shot by Petr Pohl.
4:40 of 3rd period - Shot Misses the Net.
4:42 of 3rd period - Slapshot by Tye McGinn.
4:42 of 3rd period - Shot Misses the Net.
4:44 of 3rd period - Slapshot by Gord Baldwin.
4:44 of 3rd period - Deflect By Jamie Arniel.
4:44 of 3rd period - Goal by Jamie Arniel - Griffins : 2 - Saguenéens : 3.
4:45 of 3rd period - Jamie Arniel wins face-off versus Zac Rinaldo in neutral zone.
4:48 of 3rd period - Snap shot by Petr Pohl.
4:48 of 3rd period - Stopped by Martin Jones with a rebound.
5:20 of 3rd period - Snap shot by Nikita Kucherov.
5:20 of 3rd period - Shot Hit the Post.
5:22 of 3rd period - Slapshot by Brett Lebda.
5:22 of 3rd period - Deflect By Oscar Klefbom.
5:22 of 3rd period - Stopped by Jason Missiaen with a rebound.
5:24 of 3rd period - Wrist shot by Nikita Kucherov.
5:24 of 3rd period - Deflect By Devin Shore.
5:24 of 3rd period - Stopped by Jason Missiaen with a rebound.
5:38 of 3rd period - J.T. Brown is hit by Henrik Samuelsson and loses puck.
6:44 of 3rd period - Gord Baldwin is hit by Juraj Mikus and loses puck.
6:59 of 3rd period - Devin Shore is hit by Brett Lebda and loses puck.
7:28 of 3rd period - Slapshot by Robert Dome.
7:28 of 3rd period - Deflect By Devin Shore.
7:28 of 3rd period - Shot Misses the Net.
7:28 of 3rd period - Puck is out of play.
7:29 of 3rd period - Jamie Arniel wins face-off versus Juraj Mikus in Saguenéens zone.
7:54 of 3rd period - Carson Mcmillan is hit by Greg Mauldin and loses puck.
8:11 of 3rd period - Minor Penalty to Lukas Krajicek for High sticking.
8:12 of 3rd period - Jamie Arniel wins face-off versus Zac Rinaldo in Griffins zone.
8:12 of 3rd period - Jamie Arniel is hit by Zac Rinaldo.
10:11 of 3rd period - Penalty to Lukas Krajicek is over, Lukas Krajicek is back on ice.
10:20 of 3rd period - Minor Penalty to Lukas Krajicek for Roughing.
10:21 of 3rd period - Zac Rinaldo wins face-off versus Jamie Arniel in Griffins zone.
11:48 of 3rd period - Jake McCabe is hit by Jamie Arniel.
12:20 of 3rd period - Penalty to Lukas Krajicek is over, Lukas Krajicek is back on ice.
12:33 of 3rd period - J.T. Brown is hit by Teemu Pulkkinen and loses puck.
12:50 of 3rd period - Henrik Samuelsson is hit by Lukas Krajicek and loses puck.
14:16 of 3rd period - Nick Mattson is hit by Mike Duco and loses puck.
14:27 of 3rd period - Wrist shot by Jan Mursak.
14:27 of 3rd period - Shot Blocked by Jake McCabe.
14:43 of 3rd period - Wrist shot by Rhett Rakhshani.
14:43 of 3rd period - Shot Blocked by Simon Despres.
14:45 of 3rd period - Wrist shot by Rhett Rakhshani.
14:45 of 3rd period - Stopped by Jason Missiaen with a rebound.
14:47 of 3rd period - Snap shot by Patrick Sieloff.
14:47 of 3rd period - Stopped by Jason Missiaen with a rebound.
15:02 of 3rd period - Calle Andersson is hit by Tye McGinn and loses puck.
15:15 of 3rd period - Calle Andersson is hit by Petter Granberg and loses puck.
15:44 of 3rd period - Henrik Samuelsson is hit by Oscar Klefbom and loses puck.
16:31 of 3rd period - Wrist shot by Greg Mauldin.
16:31 of 3rd period - Stopped by Martin Jones with a rebound.
16:39 of 3rd period - J.T. Brown is hit by Zac Rinaldo and loses puck.
16:49 of 3rd period - Icing by Gord Baldwin.
16:50 of 3rd period - Jamie Arniel wins face-off versus Henrik Samuelsson in Griffins zone.
16:56 of 3rd period - Off-side.
16:57 of 3rd period - Henrik Samuelsson wins face-off versus Jamie Arniel in neutral zone.
17:26 of 3rd period - Snap shot by Petr Pohl.
17:26 of 3rd period - Stopped by Martin Jones with a rebound.
18:24 of 3rd period - Backhand shot by Tye McGinn.
18:24 of 3rd period - Shot Misses the Net.
18:26 of 3rd period - Wrist shot by Jamie Arniel.
18:26 of 3rd period - Shot Blocked by Calle Andersson.
18:28 of 3rd period - Snap shot by Tye McGinn.
18:28 of 3rd period - Stopped by Martin Jones without a rebound.
18:29 of 3rd period - Greg Mauldin wins face-off versus Zac Rinaldo in Saguenéens zone.
18:30 of 3rd period - Snap shot by J.T. Brown.
18:30 of 3rd period - Deflect By Greg Mauldin.
18:30 of 3rd period - Shot Blocked by Jake McCabe.
18:30 of 3rd period - Puck is out of play.
18:31 of 3rd period - Pontus Aberg wins face-off versus Zac Rinaldo in Saguenéens zone.
18:34 of 3rd period - Snap shot by Greg Mauldin.
18:34 of 3rd period - Stopped by Martin Jones with a rebound.
18:36 of 3rd period - Snap shot by J.T. Brown.
18:36 of 3rd period - Shot Blocked by Mason Raymond.
18:41 of 3rd period - Minor Penalty to Jake McCabe for Hooking.
18:42 of 3rd period - Devin Shore wins face-off versus Carson Mcmillan in Saguenéens zone.
19:28 of 3rd period - Snap shot by Nikita Kucherov.
19:28 of 3rd period - Shot Misses the Net.
Goals for this period are 1 for Griffins vs 0 for Saguenéens.
Shots for this period are 6 for Griffins vs 8 for Saguenéens.